 Dungeon Crawl Stone Soup version 0.28.0 (webtiles) character file.

Game seed: 33001578227233742

4364 bande the Cleaver (level 10, -6/61 HPs)
             Began as a Gargoyle Fighter on Feb 18, 2022.
             Was a Priest of Okawaru.
             Mangled by a slime creature (15 damage)
             ... on level 8 of the Dungeon.
             The game lasted 00:24:37 (9423 turns).

bande the Cleaver (Gargoyle Fighter)                Turns: 9423, Time: 00:24:38

Health: -6/61      AC: 23    Str: 19    XL:     10   Next: 34%
Magic:  13/13      EV:  5    Int: 10    God:    Okawaru [***...]
Gold:   1284       SH:  6    Dex: 13    Spells: 9/9 levels left

rFire   + . .      SeeInvis .   a - +0 war axe
rCold   + . .      Faith    .   c - +1 buckler
rNeg    + + .      Spirit   .   D - +0 plate armour
rPois   ∞          Reflect  .   C - +0 helmet
rElec   +          Harm     .   (no cloak)
rCorr   .          Rampage  .   (no gloves)
Will    .....                   g - +0 pair of boots
Stlth   ..........              e - amulet of regeneration
HPRegen 1.00/turn               i - ring "Otsaal Amopn" {rF+ rC+ rN+}
MPRegen 0.13/turn               (no ring)

@: no status effects
A: sickness immunity, AC +7, negative energy resistance 1, electricity
resistance, torment resistance 1, petrification resistance
a: Renounce Religion, Heroism


You were on level 8 of the Dungeon.
You worshipped Okawaru.
Okawaru was most pleased with you.
You visited 2 branches of the dungeon, and saw 10 of its levels.
You also visited: Sewer.

You collected 1674 gold pieces.
You spent 390 gold pieces at shops.

Inventory:

Hand Weapons
 a - a +0 war axe (weapon)
 d - a +0 mace of protection
 n - a +0 broad axe
 p - a +0 broad axe
Armour
 c - a +1 buckler (worn)
 g - a +0 pair of boots (worn)
 l - a +1 scale mail of willpower
 C - a +0 helmet (worn)
 D - a +0 plate armour (worn)
Jewellery
 e - an amulet of regeneration (around neck)
 i - the ring "Otsaal Amopn" (left hand) {rF+ rC+ rN+}
   (You acquired it on level 6 of the Dungeon)

   [ring of protection from cold]

   rF:        It protects you from fire.
   rC:        It protects you from cold.
   rN:        It protects you from negative energy.
 x - a ring of wizardry
Wands
 b - a wand of iceblast (36)
 j - a wand of polymorph (9)
 o - a wand of flame (39)
 B - a wand of paralysis (10)
 F - a wand of digging (1)
Scrolls
 f - 4 scrolls of fog
 m - 3 scrolls of teleportation
 s - a scroll of fear
 y - a scroll of magic mapping
 E - a scroll of identify
Potions
 h - a potion of magic
 k - 3 potions of brilliance
 q - 2 potions of ambrosia
 r - a potion of curing
 t - a potion of cancellation {unknown}
 u - a potion of heal wounds {unknown}
 v - 2 potions of invisibility
 w - 2 potions of might
 z - a potion of lignification {unknown}
 A - a potion of mutation {unknown}
 G - a potion of flight {unknown}


   Skills:
 + Level 6.8 Fighting
 + Level 8.9 Axes
 + Level 7.3 Armour
 + Level 5.6 Shields
 * Level 5.1 Invocations
 * Level 4.1 Evocations


You had 9 spell levels left.
You didn't know any spells.
Your spell library contained the following spells:

 Spells                   Type           Power      Damage    Failure   Level
 Corpse Rot               Necr/Air       0%         N/A       100%        2
 Ensorcelled Hibernation  Hex/Ice        0%         N/A       100%        2
 Poisonous Vapours        Pois/Air       0%         N/A       100%        2
 Wereblood                Tmut           0%         N/A       100%        2
 Frozen Ramparts          Ice            0%         1d2       100%        3
 Ignite Poison            Fire/Tmut/Pois 0%         N/A       100%        3
 Mephitic Cloud           Conj/Pois/Air  0%         N/A       100%        3
 Portal Projectile        Hex/Tloc       0%         N/A       100%        3
 Spider Form              Tmut/Pois      0%         N/A       100%        3
 Anguish                  Hex/Necr       0%         N/A       100%        4
 Ice Form                 Ice/Tmut       0%         N/A       100%        4
 Leda's Liquefaction      Hex/Erth       0%         N/A       100%        4
 Freezing Cloud           Conj/Ice/Air   0%         6-21      100%        5
 Sublimation of Blood     Necr           Unusable   N/A       N/A         2
 Call Canine Familiar     Summ           Unusable   N/A       N/A         3
 Summon Ice Beast         Ice/Summ       Unusable   N/A       N/A         4
 Summon Hydra             Summ           Unusable   N/A       N/A         7

Dungeon Overview and Level Annotations

Branches:
Dungeon (9/15)             Temple (1/1) D:4           Sewer (visited)
   Lair: D:8-11         Orc: D:9-12

Altars:
Ashenzari
Dithmenos
Elyvilon
Fedhas
Gozag
Hepliaklqana
Kikubaaqudgha
Makhleb
Nemelex Xobeh
Okawaru
Ru
Sif Muna
Trog
Vehumet
Xom
Yredelemnul
Zin
The Shining One

Shops:
D:1 =   D:6 [   D:8 *


Innate Abilities, Weirdness & Mutations

You are immune to sickness and miasma.
Your stone body is resilient. (AC +7)
You are immune to poison.
You resist negative energy. (rN+)
You are resistant to electric shocks. (rElec)
You are resistant to unholy torment.
You are immune to petrification.


Message History

a +0 flail; an orc skeleton
Things that are here:
a +0 flail; an orc skeleton
Things that are here:
a +0 leather armour; a +0 whip
Things that are here:
a +0 mace; a basilisk corpse
There is a stone staircase leading down here.
You climb downwards.
You block the slime creature's attack. x2
The orc warrior hits you but does no damage.
The slime creature hits you! The slime creature barely misses you.
You block the slime creature's attack.
There is a stone staircase leading up here.
Unknown command.
The orc warrior hits you from afar with a +0 halberd!
The slime creature hits you. The slime creature hits you!
The slime creature barely misses you.
You climb upwards.
There is a stone staircase leading down here.
Unknown command.
You barely miss the slime creature. You hit the slime creature. x2
The slime creature hits you. The slime creature barely misses you.
The slime creature hits you but does no damage.
Unknown command.
You slash the slime creature!
The slime creature is moderately wounded.
You hit the slime creature but do no damage.
You slash the slime creature!
The slime creature hits you but does no damage.
The slime creature hits you!
* * * LOW HITPOINT WARNING * * *
The slime creature barely misses you.
You hit the slime creature.
The slime creature is moderately wounded.
You hit the slime creature.
You hit the slime creature but do no damage.
The slime creature barely misses you. The slime creature hits you!
* * * LOW HITPOINT WARNING * * *
The slime creature hits you!
You die...

#.≈≈≈≈≈≈## ######.#.#.#.#
...≈.≈≈≈≈### #....#...#.#.#
≈≈≈≈≈≈≈≈≈≈≈######.#####.#.#
≈≈≈≈≈≈≈≈≈####.........#.#.#
.≈≈≈≈##### #.###.###.#.#.#
.≈≈≈≈≈.# #.###.###.#.#.#
.≈≈≈≈..# #.#....##.#.#)#
≈≈≈≈≈..######.#.#..##.#.#.#
.≈≈≈≈..)..♣....J@.###.#.#.##
.≈≈≈≈..#♣.∩.♣.#JJ)....#.#..#
.≈≈≈≈..###♣##.###.###.#.#.##
≈≈≈≈≈..# #.#............#
≈≈.≈≈..# #.#.#.#######.##
.)≈≈≈..# #.#.#.# #.#
.≈.≈≈≈## #.#.#.# #.# #.≈≈≈.#
#.#.#.# #.# ≈≈≈≈≈.# #.#.#>#
#.#


You could see 3 slime creatures.

Vanquished Creatures
  The ghost of jr88keys the Vexing, a novice SpEn (D:3)
  Prince Ribbit (D:6)
  Grinder (D:6)
  2 slime creatures (D:8)
  A wyvern (D:8)
  Eustachio (D:3)
  A basilisk (D:8)
  An acid dragon (D:8)
  Edmund (D:4)
  An orc warrior (D:7)
  A black bear (D:5)
  2 ice beasts (D:8)
  A sky beast (D:7)
  2 necrophages
  2 ogres
  The ghost of jfcaron the Caller, an amateur BaSu of Cheibriados (D:3)
  2 centaurs
  A phantom (D:5)
  Blork the orc (D:6)
  A bullfrog (D:6)
  A scorpion (D:2)
  3 wyvern skeletons
  4 killer bees (D:7)
  6 howler monkeys
  A hound (D:3)
  A jelly (D:5)
  4 orc priests
  A bullfrog skeleton (D:5)
  3 iguanas
  Ijyb (D:3)
  9 orc wizards
  A hell rat (Sewer)
  A killer bee zombie (D:8)
  A howler monkey zombie (D:5)
  A howler monkey skeleton (D:7)
  2 river rats (Sewer)
  10 adders
  3 shadow imps
  A white imp (D:6)
  An ufetubus (D:6)
  3 worms
  A dart slug (D:1)
  36 orcs
  4 endoplasms
  6 giant cockroaches
  7 goblins
  6 hobgoblins
  5 jackals
  10 kobolds
  6 quokkas
  2 ball pythons
  8 bats
  9 frilled lizards
  12 rats
195 creatures vanquished.

Notes
Turn   | Place    | Note
-------+----------+-------------------------------------------
     0 | D:1      | bande the Gargoyle Fighter began the quest for the Orb.
     0 | D:1      | Reached XP level 1. HP: 14/14 MP: 1/1
    80 | D:1      | Found Kakk's Jewellery Boutique.
    92 | D:1      | Reached skill level 2 in Axes
    92 | D:1      | Reached XP level 2. HP: 19/19 MP: 2/2
   413 | D:1      | Reached XP level 3. HP: 13/23 MP: 3/3
   587 | D:1      | Found a faded altar of an unknown god.
   776 | D:1      | You fall into a shaft and drop 1 floor!
  1105 | D:2      | Reached XP level 4. HP: 28/28 MP: 4/4
  1142 | D:2      | Reached skill level 3 in Axes
  1595 | D:2      | Noticed a scorpion
  1600 | D:2      | Killed a scorpion
  1601 | D:2      | Reached XP level 5. HP: 32/33 MP: 5/5
  1703 | D:2      | Identified a scroll of acquirement
  1703 | D:2      | Acquired 1157 gold pieces
  2020 | D:1      | Bought an amulet of regeneration for 390 gold pieces
  2205 | D:3      | Found a runed translucent gate.
  2206 | D:3      | Found a runed translucent gate.
  2206 | D:3      | Found a runed translucent gate.
  2207 | D:3      | Noticed jfcaron's ghost (amateur BaSu)
  2208 | D:3      | Noticed jr88keys's ghost (novice SpEn)
  2392 | D:3      | Noticed Ijyb
  2399 | D:3      | Killed Ijyb
  2400 | D:3      | Reached skill level 4 in Axes
  2950 | D:3      | Killed jfcaron's ghost
  2951 | D:3      | Reached XP level 6. HP: 36/38 MP: 6/6
  2952 | D:3      | Killed jr88keys's ghost
  2953 | D:3      | Reached skill level 5 in Axes
  2953 | D:3      | Reached XP level 7. HP: 44/44 MP: 7/7
  3104 | D:4      | Noticed Eustachio
  3203 | D:3      | HP: 2/44 [iron imp[Eustachio] (3)]
  3210 | D:3      | Killed Eustachio
  3211 | D:3      | Reached skill level 5 in Armour
  3698 | D:4      | Found a staircase to the Ecumenical Temple.
  3720 | Temple   | Entered the Ecumenical Temple
  3877 | Temple   | Became a worshipper of Warmaster Okawaru
  3925 | D:4      | Reached skill level 5 in Fighting
  3938 | D:4      | Reached skill level 6 in Axes
  4034 | D:4      | Reached XP level 8. HP: 49/49 MP: 8/8
  4068 | D:4      | Reached skill level 1 in Invocations
  4255 | D:4      | Reached skill level 1 in Evocations
  4268 | D:4      | Noticed Edmund
  4289 | D:4      | Killed Edmund
  4289 | D:4      | Reached * piety under Okawaru
  4811 | D:5      | Entered Level 5 of the Dungeon
  5087 | D:5      | HP: 1/50 [acid (8)]
  5770 | D:6      | Reached skill level 7 in Axes
  5774 | D:6      | Reached XP level 9. HP: 52/55 MP: 11/11
  5789 | D:6      | Found a glowing drain.
  5799 | Sewer    | Entered a sewer
  5915 | D:6      | Reached ** piety under Okawaru
  5918 | D:6      | Acquired the ring "Otsaal Amopn" {rF+ rC+ rN+}
  5921 | D:6      | Noticed Grinder
  5947 | D:6      | Paralysed by Grinder for 4 turns
  5953 | D:6      | Killed Grinder
  5971 | D:6      | Noticed Prince Ribbit
  6005 | D:6      | Killed Prince Ribbit
  6104 | D:6      | Noticed Blork the orc
  6114 | D:6      | Killed Blork the orc
  6221 | D:6      | Found Lemoremi's Antique Armour Boutique.
  6929 | D:7      | Reached skill level 8 in Axes
  7042 | D:7      | Reached skill level 5 in Shields
  7885 | D:8      | Reached *** piety under Okawaru
  7930 | D:8      | Reached XP level 10. HP: 36/61 MP: 13/13
  8508 | D:8      | Found Ovix's Assorted Antiques.
  8727 | D:8      | Found a shadowy altar of Dithmenos.
  8857 | D:8      | Reached skill level 5 in Invocations
  9423 | D:8      | Mangled by a slime creature

Illustrated notes

Levels and vault maps discovered:
D:1:      dpeg_arrival_lava_temple_mockup, layout_basic,
          hellmonk_ecumenical_altar_leap_of_faith, serial_shops, shop
D:2:      layout_basic, wander_ebering_terrifying_dragon_lair
D:3:      layout_basic, gammafunk_ghost_cemetery, uniq_ijyb
D:4:      layout_loops_cross, minmay_temple_entry_arrows, uniq_eustachio,
          uniq_edmund
D:5:      layout_loops_corners
D:6:      layout_rooms, cheibrodos_sewer_entry_drain, serial_shops,
          nicolae_shop_crystal, uniq_blork_the_orc, uniq_grinder,
          uniq_prince_ribbit1
D:7:      layout_loops_corners, hangedman_abyss_or_decor_stabs, minmay_holes
D:8:      layout_basic, mainiacjoe_overflow_surrounded_room, serial_shops,
          nicolae_shop_trees, chequers_serial_rivers_large_a
D:9:      minmay_the_grid_triangle_9x9_rhombus_thin_mashed
          [minmay_the_grid_triangle_9x9_fully_insulated_deathbox,
          minmay_the_grid_triangle_9x9_prize_center,
          minmay_the_grid_triangle_9x9_empty,
          minmay_the_grid_triangle_9x9_wacky_v], layout_loops_ring,
          ebering_ghost_disaster_area, grunt_ogre_cave, minmay_misc_feat_tiny,
          uniq_psyche, uniq_erolcha
Temple:   mainiacjoe_temple_hex_bubbles

Skill      XL: |  1  2  3  4  5  6  7  8  9 10 |
---------------+-------------------------------+-----
Axes           | 2 3 4 5 6 7 8 |  8.9
Armour         | 4 5 7 |  7.3
Fighting       | 4 5 6 |  6.8
Shields        | 4 5 |  5.6
Invocations    | 2 4 5 |  5.1
Evocations     | 2 3 4 |  4.1

Action                   |  1- 3 |  4- 6 |  7- 9 | 10-12 || total
-------------------------+-------+-------+-------+-------++-------
Melee: War axe           |    80 |   146 |   512 |   114 ||   852
  Use: Scroll            |     4 |     2 |    11 |       ||    17
       Potion            |       |     1 |     5 |       ||     6
Armor: Scale mail        |    47 |   115 |   338 |       ||   500
       Chain mail        |       |       |    28 |       ||    28
       Plate armour      |       |       |    10 |    86 ||    96
Dodge: Dodged            |    43 |    75 |   309 |    24 ||   451
Block: Buckler           |    11 |    39 |   179 |    30 ||   259
